Map: Kairos Junction LE

Players

gammullus

  • Race: Protoss Protoss
  • League: Gold
  • Spawn Location: 11:00

sandboX - Winner!

  • Race: Zerg Zerg
  • League: Gold
  • Spawn Location: 5:00

VOD

Have the link to the VOD?

Description

Time

  • Played on: Aug. 15, 2019, 3:20 a.m.
  • Length: 11:21
Show
View Real Time Build Order
Export as new Build Order

gammullus Protoss 

Build Orders: Phoenix Opening 

Get SALT Encoding   

  12  0:00  Probe  
  13  0:08  Probe  
  14  0:20  Probe  
  14  0:21  Pylon  
  15  0:39  Probe  
  15  0:40  Gateway  
  16  0:46  Assimilator  
  16  0:56  Probe  
  17  1:02  Assimilator  
  17  1:04  Probe  
  18  1:12  Probe  
  18  1:15  Pylon  
  19  1:23  Probe  
  20  1:31  Zealot  
  22  1:35  Probe  
  24  1:47  Probe  
  24  1:49  Cybernetics Core  
  24  1:57  Forge  
  24  2:00  Probe  
  25  2:03  Zealot  
  27  2:20  Warp Gate  
  27  2:27  Pylon  
  27  2:30  Zealot, Pylon  
  27  2:34  Protoss Ground Weapons Level 1  
  28  2:43  Probe  
  29  2:57  Stargate  
  29  3:01  Stargate  
  29  3:07  Probe  
  30  3:15  Probe  
  30  3:17  Sentry  
  33  3:24  Shield Battery  
  33  3:25  Probe  
  34  3:37  Probe  
  35  3:47  Phoenix  
  37  3:49  Probe  
  37  3:51  Phoenix  
  40  4:03  Probe  
  40  4:06  Protoss Air Weapons Level 1  
  41  4:15  Probe  
  42  4:27  Probe  
  43  4:31  Gateway  
  43  4:33  Gateway  
  43  4:34  Gateway  
  43  4:35  Phoenix  
  45  4:39  Probe  
  46  4:51  Probe  
  47  4:57  Pylon  
  47  5:15  Phoenix  
  47  5:17  Phoenix  
  51  5:39  Zealot x2  
  55  5:44  Twilight Council  
  55  5:49  Pylon  
  55  5:51  Pylon  
  55  6:07  Phoenix x2  
  55  6:10  Pylon  
  59  6:12  Pylon  
  59  6:18  Probe  
  60  6:23  Nexus  
  60  6:30  Probe, Shield Battery  
  61  6:42  Probe  
  60  7:02  Probe  
  61  7:08  Zealot x4  
  61  7:14  Void Ray, Probe  
  74  7:27  Probe  
  75  7:48  Probe  
  75  7:49  Probe  
  75  7:50  Zealot x4  
  81  7:57  Probe x2  
  85  8:07  Assimilator  
  85  8:24  Assimilator  
  85  8:30  Templar Archives  
  59  9:07  High Templar x2  
  59  9:08  High Templar x2, Psionic Storm  
  67  9:11  Pylon  
  67  9:26  Archon x2  
  67  9:30  Probe x2  
  69  9:38  Gateway  
  69  9:40  Gateway  
  69  9:42  Probe x2  
  69  9:43  Gateway  
  71  9:45  Gateway  
  71  9:49  Gateway  
  71  9:54  Probe x2  
  73  10:00  High Templar x2  
  73  10:02  Zealot x2, Probe x2  
  83  10:10  Probe x2  
  84  10:20  Probe x2  
  55  10:57  Zealot x9  
Show
View Real Time Build Order
Export as new Build Order

sandboX Zerg - Winner!

Build Orders: Hatch First 

Get SALT Encoding   

  12  0:01  Drone  
  13  0:12  Overlord  
  13  0:19  Drone  
  14  0:30  Drone x2  
  16  0:52  Hatchery  
  15  1:01  Drone x3  
  18  1:05  Extractor  
  17  1:20  Spawning Pool  
  17  1:23  Drone  
  17  1:28  Drone  
  18  1:46  Drone  
  19  1:48  Overlord  
  19  2:08  Zergling x6  
  21  2:11  Queen  
  24  2:16  Queen  
  26  2:37  Metabolic Boost  
  26  2:39  Drone x4  
  30  3:02  Hatchery  
  29  3:06  Drone x2  
  31  3:14  Drone  
  31  3:15  Drone x2  
  31  3:19  Overlord  
  34  3:22  Drone  
  36  3:27  Drone  
  36  3:39  Drone x5  
  41  3:47  Roach Warren  
  40  4:01  Extractor  
  39  4:03  Drone x5  
  39  4:05  Extractor  
  43  4:11  Overlord x3  
  43  4:31  Lair  
  43  4:36  Evolution Chamber  
  43  4:38  Evolution Chamber  
  41  4:41  Spore Crawler  
  40  4:45  Spore Crawler x2  
  40  4:47  Spore Crawler  
  37  4:55  Roach  
  37  4:56  Roach x2  
  43  5:04  Drone  
  43  5:05  Drone x2, Spore Crawler  
  43  5:06  Spore Crawler  
  44  5:09  Overlord  
  44  5:26  Drone x6  
  50  5:34  Queen  
  52  5:43  Drone x3  
  55  5:56  Drone x6  
  61  6:03  Drone x4  
  65  6:07  Drone  
  65  6:10  Overlord  
  66  6:23  Overlord x2  
  66  6:25  Zerg Ground Armor Level 1, Zerg Missile Weapons Level 1  
  66  6:26  Glial Reconstitution  
  66  6:32  Hydralisk Den, Roach  
  64  6:51  Roach x7  
  64  6:52  Roach x2  
  80  6:55  Overlord  
  80  6:56  Overlord  
  80  7:01  Queen  
  82  7:06  Overlord x2  
  82  7:20  Spore Crawler  
  81  7:24  Spore Crawler  
  81  7:27  Spore Crawler  
  81  7:29  Hydralisk x5  
  79  7:33  Overlord x2  
  89  7:42  Extractor  
  88  7:46  Extractor  
  88  7:49  Extractor  
  86  7:51  Overlord x3  
  86  7:52  Overlord x2  
  85  8:13  Drone x9  
  85  8:14  Drone x2  
  96  8:22  Zerg Missile Weapons Level 2  
  96  8:30  Zerg Ground Armor Level 2  
  96  8:34  Muscular Augments  
  96  8:42  Roach x2  
  96  8:43  Roach  
  99  8:53  Hydralisk x3  
  101  9:19  Roach x5  
  101  9:20  Hydralisk x2  
  115  9:25  Hatchery  
  114  9:53  Hydralisk  
  114  9:54  Hydralisk x7  
  114  9:57  Overlord x2  
  114  9:58  Overlord  
  130  10:37  Hydralisk x12  
  146  10:50  Roach x3  
  146  10:52  Overlord x2  
Tags
 
Add a new tag
Caveats
  • Supply blocks, unpowered buildings, or Contaminate may cause inaccurate times.
  • Supply counts are checked every 10 seconds.